 Dungeon Crawl Stone Soup version 0.28.0-1-gb440e238dd (webtiles) character file.

Game seed: 8026103899602651502

107 themarg the Chopper (level 4, -8/60 HPs)
             Began as a Minotaur Berserker on Feb 19, 2022.
             Was a Believer of Trog.
             Mangled by Edmund (10 damage)
             ... on level 4 of the Dungeon.
             The game lasted 00:07:34 (3054 turns).

themarg the Chopper (Minotaur Berserker)            Turns: 3054, Time: 00:07:35

Health: -8/60      AC:  6    Str: 30    XL:     4   Next: 56%
Magic:  3/3        EV: 11    Int:  4    God:    Trog [**....]
Gold:   34         SH:  0    Dex:  9    Spells: 3/3 levels left

rFire   . . .      SeeInvis +   a - +0 hand axe
rCold   . . .      Faith    .   (no shield)
rNeg    . . .      Spirit   .   e - +0 ring mail
rPois   .          Reflect  .   (helmet restricted)
rElec   .          Harm     .   (no cloak)
rCorr   .          Rampage  .   (no gloves)
Will    .....                   i - +0 pair of boots
Stlth   ..........              (no amulet)
HPRegen 0.20/turn               j - ring of see invisible
MPRegen 0.08/turn               m - +6 ring of strength

@: berserking, very quick
A: horns 2, retaliatory headbutt
a: Renounce Religion, Berserk, Trog's Hand


You were on level 4 of the Dungeon.
You worshipped Trog.
Trog was pleased with you.
You visited 1 branch of the dungeon, and saw 4 of its levels.

You collected 34 gold pieces.

Inventory:

Hand Weapons
 a - a +0 hand axe (weapon)
Missiles
 g - 70 stones (quivered)
 l - a throwing net
Armour
 e - a +0 ring mail (worn)
 i - a +0 pair of boots (worn)
Jewellery
 j - a ring of see invisible (left hand)
 m - a +6 ring of strength (right hand)
 p - a ring of willpower
 r - a ring of protection from cold
 s - an amulet of faith
Wands
 t - a wand of iceblast (8)
Scrolls
 c - 6 scrolls of identify {unknown}
 d - 2 scrolls of vulnerability {unknown}
 f - 2 scrolls of teleportation {unknown}
 o - a scroll of enchant weapon {unknown}
 q - 3 scrolls of fog {unknown}
Potions
 b - a potion of attraction {unknown}
 h - a potion of brilliance {unknown}
 k - a potion of berserk rage {unknown}
 n - a potion of magic {unknown}


   Skills:
 + Level 4.2 Fighting
 + Level 5.2 Axes
 + Level 3.2 Armour
 + Level 2.8 Dodging
 + Level 0.4 Stealth


You had 3 spell levels left.
You didn't know any spells.
Your spell library was empty.

Dungeon Overview and Level Annotations

Branches:
Dungeon (4/15)
 Temple: D:4-7

Altars:
Cheibriados
Okawaru

Annotations:
D:3 3 runed translucent doors, exclusion: downstairs, Jase's ghost, amateur FoFi
D:4 Edmund


Innate Abilities, Weirdness & Mutations

You have a pair of horns on your head.
You reflexively headbutt those who attack you in melee.


Message History

Found a quarterstaff.
Found a stone staircase leading up.
There is a stone staircase leading up here.
The orc priest calls down the wrath of Beogh upon you.
Beogh smites you!
You climb upwards.
Level annotation: 3 runed translucent doors, Jase's ghost, amateur FoFi
There is a stone staircase leading down here.
You start resting.
HP restored.
There is a stone staircase leading up here.
There is a stone staircase leading down here.
You climb downwards.
Edmund shouts!
Found a fizzy white potion.
There is a stone staircase leading up here.
You see here a fizzy white potion.
Edmund hits you with a +1 dire flail of protection!
A red film seems to cover your vision as you go berserk!
You feel yourself moving faster!
You feel mighty!
Edmund hits you with a +1 dire flail of protection!
You hit Edmund but do no damage.
Edmund hits you with a +1 dire flail of protection!
You closely miss Edmund. Edmund closely misses you. You furiously retaliate!
You headbutt Edmund! You hit Edmund.
Edmund is moderately wounded.
You closely miss Edmund. You headbutt Edmund!
Edmund is severely wounded.
Edmund hits you with a +1 dire flail of protection!
* * * LOW HITPOINT WARNING * * *
You hit Edmund but do no damage.
Edmund is severely wounded.
You hit Edmund. You headbutt Edmund!
Edmund is almost dead.
Edmund hits you with a +1 dire flail of protection!
* * * LOW HITPOINT WARNING * * *
You barely miss Edmund. Your headbutt misses Edmund.
Edmund is almost dead.
Edmund hits you with a +1 dire flail of protection!
You die...

.....#
......##
.......
#....#
#...# #..#
#.#######@#
...≈≈≈≈.@.#
#....≈!.<#
##≈≈≈≈####
#####


You could see Edmund.

Vanquished Creatures
  2 adders
  3 worms
  2 dart slugs (D:2)
  2 orcs (D:3)
  8 bats
  11 endoplasms
  A giant cockroach (D:1)
  4 goblins
  7 hobgoblins
  8 jackals
  2 quokkas
  4 ball pythons
  3 frilled lizards (D:1)
  5 kobolds
  2 rats
64 creatures vanquished.

Vanquished Creatures (others)
  A plant (D:1)
1 creature vanquished.

Grand Total: 65 creatures vanquished

Notes
Turn   | Place    | Note
-------+----------+-------------------------------------------
     0 | D:1      | themarg the Minotaur Berserker began the quest for the Orb.
     0 | D:1      | Reached XP level 1. HP: 19/19 MP: 0/0
   256 | D:1      | Reached skill level 4 in Axes
   394 | D:1      | Reached XP level 2. HP: 24/27 MP: 1/1
  1053 | D:1      | Reached XP level 3. HP: 33/33 MP: 2/2
  1114 | D:1      | Reached ** piety under Trog
  2111 | D:2      | Reached skill level 5 in Axes
  2111 | D:2      | Reached XP level 4. HP: 37/40 MP: 3/3
  2562 | D:3      | Found an iron altar of Okawaru.
  2635 | D:3      | Found a faded altar of an unknown god.
  2736 | D:3      | Found a runed translucent gate.
  2736 | D:3      | Found a runed translucent gate.
  2736 | D:3      | Found a runed translucent gate.
  2737 | D:3      | Noticed Jase's ghost (amateur FoFi)
  2767 | D:3      | Found a snail-covered altar of Cheibriados.
  3043 | D:4      | Noticed Edmund
  3053 | D:4      | HP: 1/60 [Edmund (9)]
  3054 | D:4      | Mangled by Edmund

Illustrated notes

Levels and vault maps discovered:
D:1:      sevenhm_arrival_forest_fort_small_3, layout_loops_cross,
          nicolae_concentric_dashed_squares_wild, serial_bayou_lake_a
D:2:      layout_rooms, minmay_tetromino_l4
D:3:      layout_rooms, slow_altar_2, mainiacjoe_overflow_chevrons,
          gammafunk_ghost_necromancy, hellmonk_ecumenical_altar_run_dry,
          chequers_serial_rivers_micro_d, minmay_misc_feat_columns
D:4:      layout_rooms, serial_rivers, chequers_serial_rivers_micro_c,
          chequers_serial_rivers_large_a, chequers_serial_rivers_marsh,
          chequers_serial_rivers_small_3, chequers_serial_rivers_micro_d,
          uniq_edmund, uniq_pargi

Skill      XL: |  1  2  3 |
---------------+----------+-----
Axes           | 4 5 |  5.2
Fighting       | 4 |  4.2
Armour         | 3 |  3.2
Dodging        | |  2.8
Stealth        | |  0.4

Action                   |  1- 3 |  4- 6 || total
-------------------------+-------+-------++-------
Melee: Hand axe          |   100 |    47 ||   147
       Headbutt          |     9 |     9 ||    18
       Punch             |     1 |       ||     1
Invok: Berserk           |     1 |     1 ||     2
 Stab: Sleeping          |     1 |       ||     1
Armor: Animal skin       |     2 |       ||     2
       Ring mail         |    26 |    10 ||    36
Dodge: Dodged            |    60 |    24 ||    84
